 Dungeon Sprint DCSS version 0.28.0-53-g5a82cb258f (webtiles) character file.

Game seed: 10201773755803287810

9791 Zeld the Sorcerer (level 11, 0/54 HPs)
             Began as a Deep Elf Conjurer on May 31, 2022.
             Was a High Priest of Sif Muna.
             Slain by a demonic crawler (11 damage)
             ... in the Dungeon (Sprint IV: "Fedhas' Mad Dash").
             The game lasted 00:06:45 (5316 turns).

Zeld the Sorcerer (Deep Elf Conjurer)               Turns: 5316, Time: 00:06:45

Health: 0/54       AC:  3    Str:  4    XL:     11   Next: 27%
Magic:  19/41      EV: 12    Int: 28    God:    Sif Muna [*****.]
Gold:   32         SH:  0    Dex: 13    Spells: 35/58 levels left

rFire   . . .      SeeInvis .   (no weapon)
rCold   . . .      Faith    .   (no shield)
rNeg    . . .      Spirit   .   a - +0 robe
rPois   .          Reflect  .   (no helmet)
rElec   .          Harm     .   (no cloak)
rCorr   .          Rampage  .   j - +0 pair of gloves
Will    +....      NoTele   +   (no boots)
Stlth   ++++......              i - amulet of invisibility {+Inv}
HPRegen 0.18/turn               (no ring)
MPRegen 0.27/turn               (no ring)

@: no status effects
A: no striking features
a: Renounce Religion, Evoke Invisibility, Channel Magic, Forget Spell, Divine
Exegesis


You were in the Dungeon.
You worshipped Sif Muna.
Sif Muna was extremely pleased with you.
You visited 1 branch You collected 270 gold pieces.
You spent 238 gold pieces at shops.

Inventory:

Armour
 a - a +0 robe (worn)
 j - a +0 pair of gloves (worn)
Jewellery
 i - the amulet of invisibility (around neck) {+Inv}
   (You found it in the Dungeon)

   [amulet of nothing]

   +Inv:      It lets you turn invisible.
Scrolls
 h - 2 scrolls of vulnerability {unknown}
 k - 4 scrolls of identify {unknown}
 l - 3 scrolls of fear
 m - a scroll of fog {unknown}
Potions
 b - a potion of curing
 d - a potion of haste
 e - 2 potions of magic
 f - a potion of berserk rage
 n - a potion of flight {unknown}
Miscellaneous
 o - a phial of floods


   Skills:
 - Level 2.4 Dodging
 - Level 8.0 Stealth
 * Level 24.1 Spellcasting
 * Level 20.9 Conjurations
 - Level 2.0 Hexes
 - Level 2.0 Translocations


You had 35 spell levels left.
You knew the following spells:

 Your Spells              Type           Power      Damage    Failure   Level
a - Magic Dart            Conj           100%       1d8       0%          1
b - Searing Ray           Conj           100%       2d8       0%          2
c - Fulminant Prism       Conj/Hex       39%        3d18      1%          4
d - Iskenderun's Mystic   Conj/Tloc      78%        2d16      1%          4
e - Fireball              Conj/Fire      37%        3d15      1%          5
z - Orb of Destruction    Conj           50%        9d13      1%          7

Your spell library contained the following spells:

 Spells                   Type           Power      Damage    Failure   Level
 Foxfire                  Conj/Fire      100%       2x1d9     0%          1
 Shock                    Conj/Air       100%       1d9       0%          1
 Sting                    Tmut/Pois      100%       1d8       1%          1
 Dazzling Flash           Conj/Hex       100%       N/A       1%          3
 Mephitic Cloud           Conj/Pois/Air  64%        N/A       1%          3
 Stone Arrow              Conj/Erth      100%       3d13      1%          3
 Flame Wave               Conj/Fire      75%        2d13      1%          4
 Freezing Cloud           Conj/Ice/Air   32%        6-21      1%          5
 Irradiate                Conj/Tmut      37%        3d26      1%          5
 Ignite Poison            Fire/Tmut/Pois 33%        N/A       2%          3
 Spellforged Servitor     Conj/Summ      37%        N/A       11%         7
 Lehudib's Crystal Spear  Conj/Erth      37%        10d9      63%         8
 Statue Form              Tmut/Erth      22%        N/A       82%         6
 Fire Storm               Conj/Fire      37%        8d10      100%        9
 Shatter                  Erth           16%        3d16*     100%        9


Dungeon Overview and Level Annotations

Branches:
Dungeon (1/1)

Altars:
Cheibriados
Dithmenos
Elyvilon
Gozag
Hepliaklqana
Kikubaaqudgha
Makhleb
Nemelex Xobeh
Okawaru
Qazlal
Ru
Sif Muna
Trog
Uskayaw
Vehumet
Wu Jian
Xom
Yredelemnul
Zin
The Shining One
Beogh
Jiyva
Lugonu

Shops:
D ?(*!(*=?


Message History

Aim: a hornet The fireball explodes!
The fireball engulfs the demonic crawler!
The demonic crawler resists.
The demonic crawler is severely wounded.
The fireball engulfs the hornet!
The hornet is heavily wounded.
The fireball engulfs the hornet!!
The hornet is severely wounded.
The fireball engulfs the spriggan rider!!
The spriggan rider is moderately wounded.
Unknown command.
Casting: Fireball (dangerous; 1% risk of failure)
Confirm with . or Enter, or press ? or * to list all spells.
Aiming: Fireball (dangerous; 1% risk of failure)
Press: ? - help, Shift-Dir - straight line, f/p - hornet
Aim: a hornet (heavily wounded)
The fireball explodes!
The fireball engulfs the hornet!
You kill the hornet!
Sif Muna accepts your kill.
The fireball engulfs the demonic crawler!
The demonic crawler resists.
The demonic crawler is almost dead.
The fireball engulfs the hornet!!!
You kill the hornet!
Sif Muna accepts your kill.
Your Spellcasting skill increases to level 24!
Casting: Fireball (dangerous; 1% risk of failure)
Confirm with . or Enter, or press ? or * to list all spells.
You erupt in a blast of force!
The mystic blast hits the fungus!!
The fungus begins to die.
The fungus is lightly damaged.
The mystic blast hits the demonic crawler but does no damage.
The demonic crawler is almost dead.
The spriggan rider hits you from afar with a +0 spear!!
The demonic crawler hits you but does no damage.
The demonic crawler hits you!
* * * LOW HITPOINT WARNING * * *
The demonic crawler hits you!
You die...

*,,,...................# #
*∩,,................)..#####
*∩,,................).......
*∩,,.....*...............###
*****######+############## *
#..........# *##..#****
#.......P..# *....+,,,,
###......### *.i..#****
###.@s## ##yy$$# *
#...i####$$$$$#****
#...†....$$$$$+,,,,
#....†...$$$$$#****
********###############****
*,,,,,,,,*,,*,,*,,*,,*,,*,,
*,,,,,,,,,,,,,,,,,,,,,,,,,,
*,,,,,,,,*,,*,,*,,*,,*,,*,,
**++++*********************


You could see a spriggan rider and a demonic crawler (catching breath).

Vanquished Creatures
  Agnes (D)
  A spriggan defender (D)
  A spriggan berserker (D)
  A spriggan druid (D)
  8 oklob plants (D)
  A demonic crawler (D)
  A queen bee (D)
  3 burning bushes (D)
  3 wandering mushrooms (D)
  4 hornets (D)
  3 scorpions (D)
  4 killer bees (D)
  5 oklob saplings (D)
  7 spriggans (D)
  A river rat (D)
  A rat (D)
  2 ballistomycete spores (D)
  3 bushes (D)
50 creatures vanquished.

Vanquished Creatures (others)
  14 fulminant prisms (D)
  3 fungi (D)
17 creatures vanquished.

Grand Total: 67 creatures vanquished

Notes
Turn   | Place    | Note
-------+----------+-------------------------------------------
     0 | D        | Zeld the Deep Elf Conjurer began the quest for the Orb.
     0 | D        | Reached XP level 1. HP: 10/10 MP: 6/6
     8 | D        | Reached skill level 4 in Spellcasting
     8 | D        | Reached skill level 5 in Conjurations
     8 | D        | Reached skill level 1 in Hexes
     8 | D        | Reached skill level 1 in Translocations
     8 | D        | Reached XP level 2. HP: 15/15 MP: 2/9
    12 | D        | Learned a level 2 spell: Searing Ray
   279 | D        | Noticed an oklob sapling
   281 | D        | Killed an oklob sapling
   282 | D        | Reached skill level 6 in Spellcasting
   282 | D        | Reached XP level 3. HP: 19/19 MP: 6/12
   538 | D        | Noticed a scorpion
   538 | D        | Found the amulet of invisibility {+Inv}
   542 | D        | Killed a scorpion
   543 | D        | Reached skill level 7 in Spellcasting
   543 | D        | Reached XP level 4. HP: 24/24 MP: 7/15
   603 | D        | Found an opulent altar of Gozag.
   603 | D        | Found a hazy altar of Hepliaklqana.
   603 | D        | Found a burning altar of Makhleb.
   603 | D        | Found a sparkling altar of Nemelex Xobeh.
   603 | D        | Found a snail-covered altar of Cheibriados.
   603 | D        | Found a sacrificial altar of Ru.
   603 | D        | Found a shimmering blue altar of Sif Muna.
   603 | D        | Found a shimmering altar of Xom.
   603 | D        | Found a basalt altar of Yredelemnul.
   604 | D        | Found a viscous altar of Jiyva.
   604 | D        | Found a bloodstained altar of Trog.
   604 | D        | Found an ornate altar of the Wu Jian Council.
   605 | D        | Found an iron altar of Okawaru.
   605 | D        | Found a shadowy altar of Dithmenos.
   605 | D        | Found a glowing silver altar of Zin.
   606 | D        | Found an ancient bone altar of Kikubaaqudgha.
   606 | D        | Found a hide-covered altar of Uskayaw.
   607 | D        | Found a stormy altar of Qazlal.
   607 | D        | Found a glowing golden altar of the Shining One.
   607 | D        | Found a white marble altar of Elyvilon.
   608 | D        | Found a radiant altar of Vehumet.
   608 | D        | Found a corrupted altar of Lugonu.
   610 | D        | Became a worshipper of Sif Muna the Loreminder
   623 | D        | Learned a level 4 spell: Fulminant Prism
   628 | D        | Learned a level 4 spell: Iskenderun's Mystic Blast
   737 | D        | Reached skill level 8 in Spellcasting
   833 | D        | Reached skill level 5 in Stealth
   833 | D        | Reached skill level 9 in Spellcasting
   833 | D        | Reached XP level 5. HP: 28/28 MP: 1/18
  1056 | D        | Reached * piety under Sif Muna
  1077 | D        | Reached skill level 10 in Spellcasting
  1077 | D        | Reached ** piety under Sif Muna
  1078 | D        | Reached skill level 11 in Spellcasting
  1078 | D        | Reached skill level 10 in Conjurations
  1078 | D        | Reached XP level 6. HP: 32/32 MP: 5/22
  1172 | D        | Found Wierelusk's Weapon Shop.
  1172 | D        | Found Tuxy's Magic Scroll Emporium.
  1176 | D        | Bought a scroll of magic mapping for 42 gold pieces
  1176 | D        | Bought a scroll of fear for 42 gold pieces
  1480 | D        | Noticed a burning bush
  1480 | D        | Noticed a wandering mushroom
  1481 | D        | Noticed a wandering mushroom
  1490 | D        | Killed a wandering mushroom
  1491 | D        | Reached skill level 13 in Spellcasting
  1491 | D        | Reached XP level 7. HP: 25/36 MP: 7/25
  1495 | D        | Killed a burning bush
  1495 | D        | Killed a wandering mushroom
  1495 | D        | Reached *** piety under Sif Muna
  1496 | D        | Reached skill level 15 in Spellcasting
  1496 | D        | Reached XP level 8. HP: 18/41 MP: 2/29
  1775 | D        | Found Zoruni's Assorted Antiques.
  1775 | D        | Found Qiloq's Antique Weapon Shoppe.
  1782 | D        | Bought a coppery potion for 24 gold pieces
  1995 | D        | Noticed a queen bee
  2003 | D        | Killed a queen bee
  2003 | D        | Reached **** piety under Sif Muna
  2004 | D        | Reached skill level 16 in Spellcasting
  2252 | D        | Noticed an oklob plant
  2266 | D        | Killed an oklob plant
  2267 | D        | Reached skill level 17 in Spellcasting
  2397 | D        | Noticed a burning bush
  2407 | D        | Killed a burning bush
  2408 | D        | Reached skill level 15 in Conjurations
  2408 | D        | Reached XP level 9. HP: 39/45 MP: 16/32
  2597 | D        | Noticed a burning bush
  2597 | D        | Noticed an oklob plant
  2602 | D        | Killed a burning bush
  2603 | D        | Reached skill level 18 in Spellcasting
  2948 | D        | Noticed a wandering mushroom
  2960 | D        | Killed a wandering mushroom
  2962 | D        | Killed an oklob plant
  2962 | D        | Reached ***** piety under Sif Muna
  2963 | D        | Reached skill level 19 in Spellcasting
  3158 | D        | Identified the +5 dagger "Rawnedwe" {drain, rC+}
  3173 | D        | Noticed a spriggan druid
  3176 | D        | Killed a spriggan druid
  3176 | D        | Received a gift from Sif Muna
  3179 | D        | Got Sif Muna's Almanac of Igneous Poisoning {god gift}
  3186 | D        | Learned a level 5 spell: Fireball
  3335 | D        | Noticed an oklob plant conjurer
  3338 | D        | Killed an oklob plant conjurer
  3339 | D        | Reached skill level 20 in Spellcasting
  3345 | D        | Got the Collected Works on Moulding and Attacks
  3626 | D        | Noticed an oklob plant
  3626 | D        | Noticed an oklob plant summoner
  3627 | D        | Noticed an oklob plant shifter
  3631 | D        | Killed an oklob plant summoner
  3632 | D        | Reached XP level 10. HP: 50/50 MP: 30/36
  3637 | D        | Killed an oklob plant
  3640 | D        | Killed an oklob plant shifter
  3641 | D        | Reached skill level 21 in Spellcasting
  4111 | D        | Noticed a spriggan rider
  4112 | D        | Found Bouceom's Jewellery Emporium.
  4115 | D        | Received a gift from Sif Muna
  4119 | D        | Got Sif Muna's Reference Book on Harmful Weightlessness
                  | {god gift}
  4122 | D        | Found Uczagea's Magic Scroll Shoppe.
  4127 | D        | Bought a scroll of fear for 49 gold pieces
  4138 | D        | Got the Collected Works on Earthen Attacks
  4229 | D        | Bought a scroll labelled WINETU XEONYTEAGG for 27 gold
                  | pieces
  4229 | D        | Bought a scroll labelled VEX CIDDAPRA for 27 gold pieces
  4229 | D        | Bought a scroll labelled VEX CIDDAPRA for 27 gold pieces
  4294 | D        | Noticed Agnes
  4296 | D        | Noticed a spriggan berserker
  4297 | D        | Found Eprod's General Store.
  4299 | D        | Noticed a spriggan defender
  4302 | D        | Killed a spriggan berserker
  4303 | D        | Reached skill level 22 in Spellcasting
  4304 | D        | Killed Agnes
  4306 | D        | Killed a spriggan defender
  4307 | D        | Reached skill level 23 in Spellcasting
  4307 | D        | Reached XP level 11. HP: 20/54 MP: 10/40
  4484 | D        | Found Diefax Riof's Distillery.
  4641 | D        | Noticed a spriggan rider
  4645 | D        | Killed a spriggan rider
  4912 | D        | Noticed an oklob plant shifter
  4912 | D        | Noticed an oklob plant meteorologist
  5128 | D        | Killed an oklob plant meteorologist
  5128 | D        | Received a gift from Sif Muna
  5130 | D        | Killed an oklob plant shifter
  5133 | D        | Got Sif Muna's Reference Book on Battle Magic {god gift}
  5147 | D        | Learned a level 7 spell: Orb of Destruction
  5306 | D        | Noticed a spriggan rider
  5309 | D        | HP: 2/54 [demonic crawler (13)]
  5316 | D        | Reached skill level 24 in Spellcasting
  5316 | D        | Slain by a demonic crawler

Illustrated notes

Levels and vault maps discovered:
D:        dungeon_sprint_fedhas [sprint_temple]

Skill      XL: |  1  2  3  4  5  6  7  8  9 10 11 |
---------------+----------------------------------+-----
Spellcasting   | 4 6 7 9 11 13 15 17 20 23 24 | 24.1
Conjurations   | 5 6 7 8 10 11 13 15 17 20 | 20.9
Hexes          | 1 2 |  2.0
Translocations | 1 2 |  2.0
Stealth        | 4 5 7 8 |  8.0
Dodging        | |  2.4

Action                   |  1- 3 |  4- 6 |  7- 9 | 10-12 || total
-------------------------+-------+-------+-------+-------++-------
 Cast: Magic Dart        |     5 |       |       |     2 ||     7
       Searing Ray       |     2 |     6 |    10 |     2 ||    20
       Fulminant Prism   |       |     4 |     8 |     2 ||    14
       Iskenderun's Myst |       |     2 |    12 |    22 ||    36
       Fireball          |       |       |     3 |    19 ||    22
Invok: Channel Magic     |       |       |       |     1 ||     1
 Abil: Evoke Invisibilit |       |     5 |     6 |     2 ||    13
  Use: Scroll            |       |     1 |       |     1 ||     2
       Potion            |       |       |       |     1 ||     1
Armor: Robe              |       |       |       |     2 ||     2
Dodge: Dodged            |     3 |       |     2 |     8 ||    13
